 Dungeon Crawl Stone Soup version 0.26.1-2-gb8aa6d0cf2 (webtiles) character file.

Game seed: 8875009208239759889

88 StoneSoupSpirit the Chopper (level 4, -6/35 HPs)
             Began as a Demonspawn Chaos Knight on Feb 17, 2021.
             Was a Plaything of Xom.
             Killed from afar by Sigmund (9 damage)
             ... with a puff of flame
             ... on level 3 of the Dungeon.
             The game lasted 00:03:24 (2279 turns).

StoneSoupSpirit the Chopper (DsCK)                  Turns: 2279, Time: 00:03:24

Health: -6/35      AC:  5    Str: 13    XL:     4   Next: 29%
Magic:  4/4        EV: 11    Int: 14    God:    Xom [...*..]
Gold:   90         SH:  0    Dex: 12    Spells: 3/3 levels left

rFire    . . .     SeeInvis .   a - +0 hand axe (chaos)
rCold    + . .     Faith    .   (no shield)
rNeg     . . .     Spirit   .   b - +2 leather armour
rPois    .         Reflect  .   (helmet restricted)
rElec    .         Harm     .   (no cloak)
rCorr    .         Rampage  .   (no gloves)
Will     .....                  (no boots)
Stlth    +.........             (no amulet)
HPRegen  0.11/turn              e - ring of protection from cold
MPRegen  0.09/turn              (no ring)

@: no status effects
A: antennae 1, powered by death 1
a: Renounce Religion


You were on level 3 of the Dungeon.
You worshipped Xom.
You were a favourite toy of Xom.
You visited 1 branch of the dungeon, and saw 3 of its levels.

You collected 90 gold pieces.

Inventory:

Hand Weapons
 a - a +0 hand axe of chaos (weapon)
 l - the +6 battleaxe of Impatience {chaos, rF+ rN+ Int+4}
   (Xom gifted it to you on level 1 of the Dungeon)

   Each time it hits an enemy it has a different, random effect.
   It affects your intelligence (+4).
   It protects you from fire.
   It protects you from negative energy.
Missiles
 n - 20 stones (quivered)
Armour
 b - a +2 leather armour (worn)
 c - a +0 kite shield
Jewellery
 e - a ring of protection from cold (left hand)
Scrolls
 g - a scroll of enchant weapon {unknown}
 j - 3 scrolls of immolation {unknown}
Potions
 d - a potion of lignification
 i - a potion of curing
 k - a potion of mutation {unknown}
 m - a potion of degeneration {unknown}


   Skills:
 - Level 3.0 Fighting
 + Level 4.7 Axes
 - Level 1.7 Armour
 - Level 0.8 Dodging


You had 3 spell levels left.
You didn't know any spells.
Your spell library was empty.

Dungeon Overview and Level Annotations

Branches:
Dungeon (3/15)

Altars:
Fedhas
Qazlal
Ru

Annotations:
D:3 Sigmund


Innate Abilities, Weirdness & Mutations

You have a pair of small antennae on your head.
You regenerate a little health from kills.


Message History

Sigmund flickers and vanishes!
Deactivating autopickup; reactivate with Ctrl-A.
Something hits you.
You swing at nothing.
You swing at nothing.
Something hits you.
You swing at nothing.
You feel less wooden.
Your +2 leather armour unmelds from your body.
Your butterfly disappears in a puff of smoke!
Something hits you!
You barely miss something. Something hits you but does no damage.
You hit something. You burn something. Something hits you!
You miss something. Something hits you!
* * * LOW HITPOINT WARNING * * *
You hit something. You hit something.
You hear some strange, mumbled words.
A puff of flame appears from out of thin air!
The puff of flame hits you!
You die...

# #.#
..#..######.#####
.......)...)<...#
###.#######.#####
##...## #.#
E#...#E #.#
##...#####.#
........##.####
..._....{@$...#
.......†......#
##...###......#
E#...#E#......#
##...###......#
#### ..!....#
........#
.........#


There were no monsters in sight!

Vanquished Creatures
  2 adders (D:2)
  A gnoll (D:1)
  A worm (D:2)
  A dart slug (D:1)
  2 leopard geckos
  2 ball pythons
  9 bats
  8 giant cockroaches
  8 goblins
  5 hobgoblins
  2 frilled lizards (D:1)
  5 kobolds
  4 rats
50 creatures vanquished.

Vanquished Creatures (others)
  A fungus (D:2)
  2 plants (D:2)
3 creatures vanquished.

Grand Total: 53 creatures vanquished

Notes
Turn   | Place    | Note
-------+----------+-------------------------------------------
     0 | D:1      | StoneSoupSpirit the Demonspawn Chaos Knight began the quest
                  | for the Orb.
     0 | D:1      | Reached XP level 1. HP: 18/18 MP: 1/1
    56 | D:1      | Reached skill level 3 in Axes
   256 | D:1      | Gained mutation: You have a pair of small antennae on your
                  | head. [demonic ancestry]
   256 | D:1      | Reached XP level 2. HP: 16/24 MP: 2/2
   610 | D:1      | Reached XP level 3. HP: 23/29 MP: 3/3
   691 | D:1      | XOM: scenery: 1 doors open
   815 | D:1      | XOM: noise
  1001 | D:1      | XOM: cloud trail
  1003 | D:1      | XOM: god gift: sedimented amethyst potion {god gift}
  1243 | D:1      | Reached skill level 4 in Axes
  1329 | D:1      | XOM: god gift: steaming battleaxe {god gift}
  1330 | D:1      | Got a steaming battleaxe {god gift}
  1331 | D:1      | Identified the +6 battleaxe of Impatience {chaos, rF+ rN+
                  | Int+4} (Xom gifted it to you on level 1 of the Dungeon)
  1414 | D:2      | Found a stormy altar of Qazlal.
  1414 | D:2      | Found a blossoming altar of Fedhas.
  1538 | D:2      | Found a faded altar of an unknown god.
  1785 | D:2      | XOM: scenery: summon butterflies
  2008 | D:2      | Gained mutation: You regenerate a little health from kills.
                  | [demonic ancestry]
  2008 | D:2      | Reached XP level 4. HP: 35/35 MP: 4/4
  2061 | D:2      | XOM: chaos upgrade
  2097 | D:2      | Found a sacrificial altar of Ru.
  2229 | D:3      | Found a stormy altar of Qazlal.
  2231 | D:3      | Noticed Sigmund
  2233 | D:3      | Noticed a water elemental
  2233 | D:3      | Noticed an air elemental
  2234 | D:3      | Noticed an earth elemental
  2234 | D:3      | Noticed a fire elemental
  2245 | D:3      | XOM: butterfly on damage
  2279 | D:3      | Killed from afar by Sigmund

Illustrated notes

Levels and vault maps discovered:
D:1:      ncdulo_smallfort, layout_basic, serial_co_window_serial,
          co_window_paths_a, co_window_corner_a, co_window_paths_a,
          co_window_paths_a, co_window_of_opportunity_a,
          co_window_of_opportunity_a, co_window_2corner,
          co_window_of_opportunity_b, co_window_of_opportunity_b,
          co_window_cross_2, co_window_broadway_c, co_window_corner_ca,
          co_window_of_opportunity_b, glass_columns_a, glass_columns_b
D:2:      layout_basic, grunt_temple_overflow_forces_of_nature,
          lemuel_crystal_altar, serial_glass, glass_columns_c, glass_columns_a,
          chequers_ecumenical_altar_simple_redux, kennysheep_generic_room_3
D:3:      cheibrodos_greedy_goblins, layout_rooms,
          lemuel_coloured_pillars_altar, overflow_temple_1_default,
          kennysheep_nub, hex_medium, nicolae_qazlal_style_of_elements,
          uniq_sigmund

Skill      XL: |  1  2  3 |
---------------+----------+-----
Axes           | 3 4 |  4.7
Fighting       | |  3.0
Armour         | |  1.7
Dodging        | |  0.8

Action                   |  1- 3 |  4- 6 || total
-------------------------+-------+-------++-------
Melee: Hand axe          |   122 |    43 ||   165
  Use: Potion            |       |     4 ||     4
 Stab: Paralysed         |       |     3 ||     3
       Sleeping          |       |     1 ||     1
Armor: Leather armour    |    55 |    10 ||    65
       Skin              |       |     7 ||     7
Dodge: Dodged            |    70 |     7 ||    77
